 Dungeon Crawl Stone Soup version 0.30.1-4-g462c640d31 (webtiles) character file.

Game seed: 753768854486251951

14331 Bobit the Tainter (level 12, -4/94 HPs)
             Began as a Gnoll Wanderer on Aug 18, 2023.
             Was a Priest of Elyvilon.
             Slain by a vampire (9 damage)
             ... on level 11 of the Dungeon.
             The game lasted 00:57:53 (16705 turns).

Bobit the Tainter (Gnoll Wanderer)                 Turns: 16705, Time: 00:57:54

Health: -4/94      AC: 12    Str: 11 (12) XL:     12   Next: 15%
Magic:  17/24      EV: 17    Int: 16 (18) God:    Elyvilon [***...]
Gold:   787        SH:  0    Dex: 21 (22) Spells: 12/28 levels left

rFire   . . .        J - +2 battleaxe (flame)
rCold   . . .        (shield currently unavailable)
rNeg    . . .        T - +0 steam dragon scales
rPois   .            Z - +1 hat
rElec   .            N - +0 cloak
rCorr   .            a - +1 pair of gloves
SInv    .            O - +0 pair of boots
Will    .....        W - amulet of regeneration
Stlth   ++++         j - +6 ring of dexterity
HPRegen 1.15/turn    R - +6 ring of intelligence
MPRegen 0.19/turn

%: no passive effects
@: attractive
A: fangs 1, strong nose, distributed training
a: Renounce Religion, Purification, Heal Other, Heal Self


You were on level 11 of the Dungeon.
You worshipped Elyvilon.
Elyvilon was most pleased with you.
You visited 1 branch of the dungeon, and saw 12 of its levels.

You collected 787 gold pieces.

Inventory:

Hand Weapons
 b - a +2 dire flail of holy wrath
 e - the +2 falchion of Vigg {heavy, Int+3}
   (You found it on level 6 of the Dungeon)

   Int:       It affects your intelligence (+3).
 p - a +2 heavy halberd
 q - a +4 shortbow
 E - a +4 spear
 J - a +2 battleaxe of flaming (weapon)
 L - a +2 long sword of freezing
 X - a +4 short sword
Armour
 a - a +1 pair of gloves (worn)
 c - a +2 robe of willpower
 N - a +0 cloak (worn)
 O - a +0 pair of boots (worn)
 T - +0 steam dragon scales (worn)
 Z - a +1 hat (worn)
Jewellery
 j - a +6 ring of dexterity (left hand)
 m - a ring of wizardry
 t - a ring of flight
 C - a ring of ice
 R - a +6 ring of intelligence (right hand)
 W - an amulet of regeneration (around neck)
Wands
 r - a wand of paralysis (8)
 y - a wand of roots (15)
 S - a wand of flame (22)
 U - a wand of mindburst (10)
Scrolls
 i - 2 scrolls of fog
 n - 6 scrolls of poison
 o - a scroll of butterflies
 v - 5 scrolls of teleportation
 w - 5 scrolls of vulnerability
 x - 2 scrolls of magic mapping
 A - a scroll of brand weapon {unknown}
 B - a scroll of immolation {unknown}
 F - a scroll of enchant weapon {unknown}
 G - a scroll of amnesia {unknown}
 I - 2 scrolls of noise
 K - 8 scrolls of identify
 P - 3 scrolls of fear {unknown}
 V - 2 scrolls of blinking
Potions
 d - a potion of attraction
 f - 2 potions of flight
 g - 3 potions of lignification
 h - 2 potions of haste
 l - 4 potions of might
 u - a potion of brilliance
 z - a potion of degeneration
 D - a potion of invisibility {unknown}
 Q - 2 potions of mutation {unknown}
 Y - 2 potions of heal wounds {unknown}


   Skills:
 + Level 8.7 Fighting
 + Level 7.2 Short Blades
 + Level 7.8 Long Blades
 + Level 7.2 Axes
 + Level 7.2 Maces & Flails
 + Level 7.2 Polearms
 + Level 7.2 Staves
 + Level 7.2 Ranged Weapons
 + Level 7.2 Throwing
 + Level 7.2 Armour
 + Level 7.2 Dodging
 + Level 7.7 Stealth
 + Level 7.2 Shields
 + Level 7.2 Unarmed Combat
 + Level 8.9 Spellcasting
 + Level 6.0 Conjurations
 + Level 6.0 Hexes
 + Level 6.0 Summonings
 + Level 6.0 Necromancy
 + Level 6.0 Translocations
 + Level 6.0 Transmutations
 + Level 6.0 Fire Magic
 + Level 6.0 Ice Magic
 + Level 6.0 Air Magic
 + Level 6.0 Earth Magic
 + Level 9.4 Poison Magic
 + Level 8.0 Invocations
 + Level 7.2 Evocations


You had 12 spell levels left.
You knew the following spells:

 Your Spells              Type           Power      Damage    Failure   Level
a - Sting                 Tmut/Pois      100%       1d8       1%          1
b - Olgreb's Toxic Radia  Pois           37%        N/A       1%          4
c - Ozocubu's Armour      Ice            26%        N/A       2%          3
d - Passwall              Tmut/Erth      21%        N/A       1%          2
e - Swiftness             Air            26%        N/A       2%          3
f - Call Canine Familiar  Summ           26%        N/A       2%          3

Your spell library contained the following spells:

 Spells                   Type           Power      Damage    Failure   Level
 Ensorcelled Hibernation  Hex/Ice        52%        N/A       1%          2
 Poisonous Vapours        Pois/Air       64%        N/A       1%          2
 Dazzling Flash           Conj/Hex       52%        N/A       2%          3
 Portal Projectile        Hex/Tloc       52%        N/A       2%          3
 Volatile Blastmotes      Fire/Tloc      52%        2d14      2%          3
 Fulminant Prism          Conj/Hex       13%        3d8       9%          4
 Iskenderun's Mystic Bla  Conj/Tloc      26%        2d7       9%          4
 Leda's Liquefaction      Hex/Erth       13%        N/A       9%          4
 Agony                    Necr           26%        N/A       24%         5
 Lee's Rapid Deconstruct  Erth           13%        3d9*      24%         5
 Silence                  Hex/Air        13%        N/A       24%         5
 Statue Form              Tmut/Erth      17%        N/A       78%         6
 Ozocubu's Refrigeration  Ice            13%        4d10      100%        7


Dungeon Overview and Level Annotations

Branches:
Dungeon (12/15)            Temple (0/1) D:6            Lair (0/5) D:11
    Orc (0/2) D:9

Altars:
Ashenzari
Elyvilon
Okawaru
Vehumet
Xom

Shops:
D:10 :

Portals:
Trove: D:10 (give +2 gold dragon scales)


Innate Abilities, Weirdness & Mutations

You have very sharp teeth.
Your uncanny sense of smell can sniff out nearby items.
Your experience applies equally to all skills.


Message History

You hit something but do no damage. Something hits you but does no damage.
Something bites you but does no damage.
You slice something!! You burn something. Something draws life force from you!!
* * * LOW HITPOINT WARNING * * *
Something hits you but does no damage. Something bites you.
* * * LOW HITPOINT WARNING * * *
Something draws strength from your injuries!
You are healed.
Something hits you.
* * * LOW HITPOINT WARNING * * *
Something bites you!
* * * LOW HITPOINT WARNING * * *
Something draws strength from your injuries!
Okay, then.
You miss something. Something hits you.
* * * LOW HITPOINT WARNING * * *
Something bites you but does no damage.
You slash something! You burn something. Something hits you but does no damage.
Something bites you.
* * * LOW HITPOINT WARNING * * *
Something draws strength from your injuries!
Something hits you but does no damage. Something bites you.
* * * LOW HITPOINT WARNING * * *
Something draws strength from your injuries!
It was a potion of degeneration.
There was something very wrong with that liquid.
You feel weakened.
You feel dopey.
You feel clumsy. Something hits you.
* * * LOW HITPOINT WARNING * * *
Something bites you but does no damage.
It was a potion of cancellation.
Your magical effects are unravelling.
You feel magically purged.
You feel less wooden.
Your +0 cloak unmelds from your body.
Your +1 hat unmelds from your body.
Your +1 pair of gloves unmelds from your body.
Your +0 pair of boots unmelds from your body.
Your +0 steam dragon scales unmelds from your body.
You feel a little less clever now.
Your resistance to elements expires.
Something hits you but does no damage. Something bites you!
You die...

### #.# ..# #.## #{## #..#
############ # ...# ##.#
#..........# # ...# #.#
#..........# # ...#########.#
#..........### # .{.+......##.###
#............# #
..D####...P....###.....)....#.# #
...##...........@{...))....<#.###
...#....P...P...##..).......#..##
...#..P.P...P...##)...).....##..'
.....P....P..P...#.....)...>#####
#.#.....####P.P....#.######## #
#....P..#.>#......##...## #
##......#..#.....#####..#
##P....#[##.....# ###.##
#.(.P........P.# #....# #


There were no monsters in sight!

Vanquished Creatures
  4 two-headed ogres
  Sonja (D:10)
  A skeletal warrior (D:11)
  The ghost of spardeous the Destroyer, a novice DgCj (D:8)
  Pikel (D:7)
  An ugly thing (D:11)
  A cyclops (D:12)
  Maurice (D:8)
  A gargoyle (D:10)
  A kobold demonologist (D:12)
  A troll (D:11)
  2 wyverns
  3 shadows
  Sigmund (D:2)
  A yak (D:6)
  A vampire mosquito (D:6)
  3 steam dragons
  Menkaure (D:5)
  2 water moccasins
  2 ice beasts
  2 sky beasts
  6 orc warriors
  5 black bears
  3 ogres
  11 centaurs
  3 lemures (D:7)
  3 phantoms
  9 kobold brigands
  7 bullfrogs
  3 scorpions
  8 wights
  11 killer bees
  4 howler monkeys
  4 crimson imps (D:4)
  A jelly (D:6)
  2 hounds
  3 orc priests
  2 sleepcaps
  3 gnoll boudas
  An iguana (D:5)
  5 orc wizards
  24 gnolls
  11 adders
  4 shadow imps (D:6)
  A worm (D:4)
  A dart slug (D:5)
  56 orcs
  5 ball pythons
  8 bats
  5 endoplasms
  7 giant cockroaches
  8 goblins
  2 hobgoblins
  4 jackals (D:3)
  40 kobolds
  2 quokkas
  4 frilled lizards
  7 rats
315 creatures vanquished.

Vanquished Creatures (others)
  A butterfly (D:3)
1 creature vanquished.

Grand Total: 316 creatures vanquished

Notes
Turn   | Place    | Note
-------+----------+-------------------------------------------
     0 | D:1      | Bobit the Gnoll Wanderer began the quest for the Orb.
     0 | D:1      | Bobit set off with the following items: a +0 falchion, a +0
                  | pair of gloves, a scroll of blinking, a +0 robe; and the
                  | following spell memorised: Sting; and the following spells
                  | available to memorise: Poisonous Vapours, Olgreb's Toxic
                  | Radiance.
     0 | D:1      | Reached XP level 1. HP: 20/20 MP: 6/6
   107 | D:1      | Reached XP level 2. HP: 26/26 MP: 4/7
   559 | D:1      | Found a faded altar of an unknown god.
   705 | D:2      | Reached skill level 5 in Spellcasting
   705 | D:2      | Reached XP level 3. HP: 27/31 MP: 4/9
   797 | D:2      | Reached skill level 1 in Invocations
   919 | D:2      | Reached skill level 1 in Short Blades
   919 | D:2      | Reached skill level 1 in Axes
   919 | D:2      | Reached skill level 1 in Maces & Flails
   919 | D:2      | Reached skill level 1 in Polearms
   919 | D:2      | Reached skill level 1 in Staves
   919 | D:2      | Reached skill level 1 in Ranged Weapons
   919 | D:2      | Reached skill level 1 in Throwing
   919 | D:2      | Reached skill level 1 in Armour
   919 | D:2      | Reached skill level 1 in Dodging
   919 | D:2      | Reached skill level 1 in Shields
   919 | D:2      | Reached skill level 1 in Unarmed Combat
   919 | D:2      | Reached skill level 1 in Evocations
  1347 | D:2      | Noticed Sigmund
  1370 | D:2      | Killed Sigmund
  1371 | D:2      | Reached skill level 1 in Conjurations
  1371 | D:2      | Reached skill level 1 in Hexes
  1371 | D:2      | Reached skill level 1 in Summonings
  1371 | D:2      | Reached skill level 1 in Necromancy
  1371 | D:2      | Reached skill level 1 in Translocations
  1371 | D:2      | Reached skill level 1 in Transmutations
  1371 | D:2      | Reached skill level 1 in Fire Magic
  1371 | D:2      | Reached skill level 1 in Ice Magic
  1371 | D:2      | Reached skill level 1 in Air Magic
  1371 | D:2      | Reached skill level 1 in Earth Magic
  1371 | D:2      | Reached XP level 4. HP: 26/38 MP: 3/11
  1371 | D:2      | Reached XP level 5. HP: 30/43 MP: 3/12
  1639 | D:2      | Learned a level 4 spell: Olgreb's Toxic Radiance
  1756 | D:2      | Reached XP level 6. HP: 50/50 MP: 4/13
  2424 | D:3      | Reached skill level 5 in Fighting
  2597 | D:3      | Learned a level 3 spell: Ozocubu's Armour
  2812 | D:3      | Found a white marble altar of Elyvilon.
  2847 | D:3      | Became a worshipper of Elyvilon the Healer
  3150 | D:4      | Reached XP level 7. HP: 48/56 MP: 7/15
  3582 | D:4      | Found a shimmering altar of Xom.
  3989 | D:4      | Reached XP level 8. HP: 63/63 MP: 4/16
  4222 | D:4      | Reached * piety under Elyvilon
  4601 | D:5      | Entered Level 5 of the Dungeon
  5077 | D:5      | Noticed Menkaure
  5086 | D:5      | Killed Menkaure
  5513 | D:4      | Reached XP level 9. HP: 57/69 MP: 3/18
  6369 | D:6      | Reached ** piety under Elyvilon
  6395 | D:6      | Reached skill level 8 in Poison Magic
  6457 | D:6      | Found a staircase to the Ecumenical Temple.
  6466 | D:6      | Reached skill level 5 in Long Blades
  6539 | D:6      | Identified the +2 falchion of Vigg {heavy, Int+3}
  6741 | D:6      | Reached skill level 5 in Stealth
  7076 | D:6      | Noticed a two-headed ogre
  7106 | D:6      | Killed a two-headed ogre
  7107 | D:6      | Reached skill level 5 in Invocations
  7848 | D:6      | Reached skill level 5 in Short Blades
  7848 | D:6      | Reached skill level 5 in Axes
  7848 | D:6      | Reached skill level 5 in Maces & Flails
  7848 | D:6      | Reached skill level 5 in Polearms
  7848 | D:6      | Reached skill level 5 in Staves
  7848 | D:6      | Reached skill level 5 in Ranged Weapons
  7848 | D:6      | Reached skill level 5 in Throwing
  7848 | D:6      | Reached skill level 5 in Armour
  7848 | D:6      | Reached skill level 5 in Dodging
  7848 | D:6      | Reached skill level 5 in Shields
  7848 | D:6      | Reached skill level 5 in Unarmed Combat
  7848 | D:6      | Reached skill level 5 in Evocations
  7848 | D:6      | Reached XP level 10. HP: 64/77 MP: 11/20
  8522 | D:7      | Noticed Pikel
  8536 | D:7      | Killed Pikel
  9369 | D:8      | Reached *** piety under Elyvilon
  9501 | D:8      | Found a runed translucent door.
  9503 | D:8      | Found a broken altar of Ashenzari.
  9505 | D:8      | Noticed spardeous's ghost (novice DgCj)
  9695 | D:8      | Noticed Maurice
  9705 | D:8      | Killed Maurice
 10185 | D:8      | Learned a level 2 spell: Passwall
 10189 | D:8      | Learned a level 3 spell: Swiftness
 10746 | D:8      | Killed spardeous's ghost
 10997 | D:9      | Reached skill level 5 in Conjurations
 10997 | D:9      | Reached skill level 5 in Hexes
 10997 | D:9      | Reached skill level 5 in Summonings
 10997 | D:9      | Reached skill level 5 in Necromancy
 10997 | D:9      | Reached skill level 5 in Translocations
 10997 | D:9      | Reached skill level 5 in Transmutations
 10997 | D:9      | Reached skill level 5 in Fire Magic
 10997 | D:9      | Reached skill level 5 in Ice Magic
 10997 | D:9      | Reached skill level 5 in Air Magic
 10997 | D:9      | Reached skill level 5 in Earth Magic
 11070 | D:9      | Reached XP level 11. HP: 68/85 MP: 15/22
 11384 | D:9      | Reached **** piety under Elyvilon
 12065 | D:9      | Found a staircase to the Orcish Mines.
 12098 | D:9      | Noticed a two-headed ogre
 12128 | D:8      | Killed a two-headed ogre
 12129 | D:8      | Reached skill level 9 in Poison Magic
 12456 | D:9      | Noticed a two-headed ogre
 12471 | D:9      | Killed a two-headed ogre
 13078 | D:10     | Entered Level 10 of the Dungeon
 13080 | D:10     | Found an iron altar of Okawaru.
 13175 | D:10     | Found Ughe's Vocational Training.
 13366 | D:10     | Found a radiant altar of Vehumet.
 13377 | D:10     | Noticed Sonja
 13385 | D:10     | Killed Sonja
 13844 | D:10     | Found a portal to a secret trove of treasure.
 14399 | D:11     | Noticed a six-headed hydra
 14526 | D:11     | Noticed a purple ugly thing
 14536 | D:12     | Noticed a sun demon
 14536 | D:12     | Noticed a cyclops
 14556 | D:12     | HP: 3/130 [cyclops (19)]
 14559 | D:12     | Elyvilon protects you from harm!
 14563 | D:12     | Killed a cyclops
 15206 | D:11     | Learned a level 3 spell: Call Canine Familiar
 15533 | D:11     | Found a staircase to the Lair.
 15764 | D:12     | Noticed a two-headed ogre
 15786 | D:11     | Killed a two-headed ogre
 15787 | D:11     | Reached XP level 12. HP: 9/94 MP: 4/24
 16059 | D:11     | Elyvilon protects you from harm!
 16691 | D:11     | HP: 2/141 [something (8)]
 16704 | D:11     | HP: 7/141 [something (5)]
 16705 | D:11     | Slain by a vampire

Illustrated notes

Levels and vault maps discovered:
D:1:      lemuel_arrival_hallway, layout_rooms, ebering_ecumenical_altar_webs,
          minmay_pentomino_q2
D:2:      layout_basic, minmay_misc_feat_plants, supply_closet_lemuel,
          hangedman_abyss_or_decor_lesser_grid, reono_crystal_passage,
          grunt_ministairs_2, st_stairs_4, uniq_sigmund
D:3:      layout_basic, nicolae_elyvilon_peaceful_grove
D:4:      layout_basic, led_xom_imps, minmay_gold_behind_fungi,
          grunt_ministairs_15, hangedman_decor_diamond_cutter
D:5:      cheibrodos_quashed, layout_gridville, uniq_menkaure
D:6:      layout_basic, temple_pool_b, minmay_three_doors
D:7:      layout_rooms, uniq_pikel
D:8:      layout_basic, ashenzari_altar_1, hellmonk_ghost_happy_afterlife,
          uniq_maurice
D:9:      layout_stronghold, hiddenorc2_lemuel, kennysheep_path_1,
          wad_floor_pattern_untrapped
D:10:     layout_gridville, nicolae_vehumet_altar_sigil,
          okawaru_metal_pillars_1_2, trove_entry_hex_spiral,
          nicolae_shop_vocational, uniq_sonja
D:11:     layout_roguey, grunt_lair_entry_orc_guard_hut
D:12:     layout_rooms

Skill      XL: |  1  2  3  4  5  6  7  8  9 10 11 12 |
---------------+-------------------------------------+-----
Spellcasting   | 5 6 7 8 |  8.9
Invocations    | 2 3 4 5 6 7 8 |  8.0
Short Blades   | 1 2 3 5 6 7 |  7.2
Axes           | 1 2 3 5 6 7 |  7.2
Maces & Flails | 1 2 3 5 6 7 |  7.2
Polearms       | 1 2 3 5 6 7 |  7.2
Staves         | 1 2 3 5 6 7 |  7.2
Ranged Weapons | 1 2 3 5 6 7 |  7.2
Throwing       | 1 2 3 5 6 7 |  7.2
Armour         | 1 2 3 5 6 7 |  7.2
Dodging        | 1 2 3 5 6 7 |  7.2
Shields        | 1 2 3 5 6 7 |  7.2
Unarmed Combat | 1 2 3 5 6 7 |  7.2
Evocations     | 1 2 3 5 6 7 |  7.2
Long Blades    | 3 4 5 6 7 |  7.8
Conjurations   | 1 2 3 4 5 6 |  6.0
Hexes          | 1 2 3 4 5 6 |  6.0
Summonings     | 1 2 3 4 5 6 |  6.0
Necromancy     | 1 2 3 4 5 6 |  6.0
Translocations | 1 2 3 4 5 6 |  6.0
Transmutations | 1 2 3 4 5 6 |  6.0
Fire Magic     | 1 2 3 4 5 6 |  6.0
Ice Magic      | 1 2 3 4 5 6 |  6.0
Air Magic      | 1 2 3 4 5 6 |  6.0
Earth Magic    | 1 2 3 4 5 6 |  6.0
Stealth        | 3 4 5 6 7 |  7.7
Fighting       | 5 6 7 8 |  8.7
Poison Magic   | 8 9 |  9.4

Action                     |  1- 3 |  4- 6 |  7- 9 | 10-12 || total
---------------------------+-------+-------+-------+-------++-------
  Melee: Falchion          |    15 |     3 |    42 |    77 ||   137
         Halberd           |       |    19 |    52 |       ||    71
         Bite              |       |     5 |     6 |    16 ||    27
         Punch             |       |       |     1 |    11 ||    12
         Long sword        |       |       |       |    51 ||    51
         Battleaxe         |       |       |       |    21 ||    21
   Fire: Shortbow          |       |       |     4 |   119 ||   123
   Cast: Sting             |    72 |     2 |    12 |     3 ||    89
         Olgreb's Toxic Ra |       |    24 |    71 |   135 ||   230
         Ozocubu's Armour  |       |     5 |    13 |    27 ||    45
         Call Canine Famil |       |       |       |     2 ||     2
         Passwall          |       |       |       |     1 ||     1
 Invoke: Heal Self         |       |       |       |     4 ||     4
         Purification      |       |       |       |     2 ||     2
  Evoke: Wand              |       |       |     1 |     5 ||     6
    Use: Scroll            |     5 |       |     5 |     1 ||    11
         Potion            |     3 |       |       |    19 ||    22
   Stab: Sleeping          |     2 |       |     5 |       ||     7
         Distracted        |       |       |     1 |       ||     1
 Armour: Robe              |    28 |    16 |    45 |    19 ||   108
         Skin              |     1 |       |       |    52 ||    53
         Steam dragon scal |       |       |       |   121 ||   121
  Dodge: Dodged            |    44 |    19 |   121 |   256 ||   440
